 Dungeon Crawl Stone Soup version 0.22-a0-877-g5c4e1af (webtiles) character file.

61 prawnwizard the Slasher (level 3, -4/28 HPs)
             Began as a Demonspawn Gladiator on July 29, 2018.
             Slain by an ogre
             ... wielding a +0 giant club
              (28 damage)
             ... on level 3 of the Dungeon.
             The game lasted 00:01:33 (1340 turns).

prawnwizard the Slasher (Demonspawn Gladiator)      Turns: 1340, Time: 00:01:34

Health: -4/28      AC:  6    Str: 15    XL:     3   Next: 83%
Magic:  3/3        EV: 10    Int:  9    God:
Gold:   74         SH:  0    Dex: 14    Spells: 2/2 levels left

rFire    + . .     SeeInvis .   a - +0 long sword
rCold    + . .     Gourm    .   (no shield)
rNeg     . . .     Faith    .   v - +0 scale mail {rF+}
rPois    .         Spirit   .   (helmet restricted)
rElec    .         Reflect  .   (no cloak)
rCorr    .         Harm     .   (no gloves)
MR       .....                  (no boots)
Stlth    ..........             (no amulet)
HPRegen  0.09/turn              (no ring)
MPRegen  0.08/turn              (no ring)

@: no status effects
A: antennae 1, cold resistance 1
a: no special abilities


You were on level 3 of the Dungeon.
You were not hungry.

You visited 1 branch of the dungeon, and saw 3 of its levels.

You collected 74 gold pieces.

Inventory:

Hand Weapons
 a - a +0 long sword (weapon)
Missiles
 d - 3 throwing nets (quivered)
Armour
 b - a +0 leather armour
 c - a +0 helmet
 j - a +0 chain mail
 v - a +0 scale mail of fire resistance (worn)
Jewellery
 k - a +3 ring of dexterity {unknown}
Scrolls
 e - 6 scrolls of identify {unknown}
 h - a scroll of blinking {unknown}
 l - 2 scrolls of remove curse {unknown}
 o - 2 scrolls of immolation {unknown}
 p - a scroll of teleportation {unknown}
 r - a scroll of enchant armour {unknown}
 t - a scroll of noise {unknown}
Potions
 i - 4 potions of curing {unknown}
 m - 3 potions of heal wounds {unknown}
 n - a potion of brilliance {unknown}
 q - a potion of lignification {unknown}
 s - a potion of invisibility {unknown}
 u - a potion of berserk rage {unknown}
Comestibles
 f - 6 rations
 g - a chunk of flesh


   Skills:
 + Level 2.7 Fighting
 * Level 3.6 Long Blades
 - Level 1.7 Throwing
 + Level 3.1 Dodging


You had 2 spell levels left.
You didn't know any spells.
Your spell library was empty.

Dungeon Overview and Level Annotations

Branches:
Dungeon (3/15)

Altars:
Ru


Innate Abilities, Weirdness & Mutations

You have a pair of small antennae on your head.
Your flesh is cold resistant. (rC+)


Message History

You can't go down here!
There is an escape hatch in the floor here.
You slide downwards.
The hatch slams shut behind you.
You sense a monster nearby.
f - 6 rations (gained 1)
A hobgoblin and an ogre come into view.
The hobgoblin shouts!
The ogre shouts!
You hear an angry hiss.
You hear a shout! x2
There are monsters nearby!
You hear a shout! x2
The hobgoblin hits you but does no damage.
You barely miss the hobgoblin. The hobgoblin barely misses you.
You barely miss the hobgoblin.
The hobgoblin hits you but does no damage.
You closely miss the hobgoblin. The hobgoblin hits you with a club.
You slash the hobgoblin!
You kill the hobgoblin!
You barely miss the ogre. The ogre hits you with a giant club!!
Ouch! That really hurt!
You die...

#........#
#.####.###
#.####.#
{#....#.#
####.#.# #
#.#.# ...
#.#.#
#....####.#.#
......O@..#
###..######
... #


You could see an ogre.

Vanquished Creatures
  An adder (D:2)
  3 worms (D:2)
  3 dart slugs
  A leopard gecko (D:2)
  3 bats (D:1)
  4 giant cockroaches
  3 goblins
  5 hobgoblins
  A quokka (D:2)
  3 frilled lizards
  5 kobolds
  4 rats
36 creatures vanquished.

Notes
Turn   | Place    | Note
-------+----------+-------------------------------------------
     0 | D:1      | prawnwizard the Demonspawn Gladiator began the quest for the Orb.
     0 | D:1      | Reached XP level 1. HP: 16/16 MP: 1/1
    94 | D:1      | Gained mutation: Your flesh is cold resistant. (rC+) [demonic ancestry]
    94 | D:1      | Reached XP level 2. HP: 17/22 MP: 2/2
   571 | D:2      | Gained mutation: You have a pair of small antennae on your head. [demonic ancestry]
   571 | D:2      | Reached XP level 3. HP: 28/28 MP: 3/3
  1104 | D:2      | Found a sacrificial altar of Ru.
  1333 | D:3      | Noticed an ogre
  1340 | D:3      | Slain by an ogre

Vault maps used:
D:1:      dpeg_arrival_rooms_b
D:2:      hangedman_ru_absence
D:3:      nicolae_overflow_hidden_temple, first_ration

Skill      XL: |  1  2 |
---------------+-------+-----
Long Blades    | 3 |  3.6
Dodging        | 3 |  3.1
Fighting       | |  2.7
Throwing       | |  1.7

Action                   || total
-------------------------++-------
Melee: Long sword        ||   117
  Eat: Chunk             ||     2
Armor: Leather armour    ||    15
       Chain mail        ||    38
       Scale mail        ||     1
Dodge: Dodged            ||    39
       Rpst.: Long sword ||    16

Table legend:
 A = Spawn XP
 B = Non-spawn XP
 C = Spawn XP percentage of total XP
 D = Spawn monster count
 E = Non-spawn monster count
 F = Spawn count percentage of total count
 G = Total turns spent on level
                    A         B        C        D         E        F      G
               +---------+---------+-------+---------+---------+-------+---------
         Total |       0 |      88 |   0.0 |       0 |      36 |   0.0 |  1340
               +---------+---------+-------+---------+---------+-------+---------
           D:1 |       0 |      38 |   0.0 |       0 |      21 |   0.0 |   554
           D:2 |       0 |      48 |   0.0 |       0 |      14 |   0.0 |   762
           D:3 |       0 |       2 |   0.0 |       0 |       1 |   0.0 |    24
               +---------+---------+-------+---------+---------+-------+---------
